AoeStats
← pompoko

Arabia

510190596Analyzed
1v1 RM · 2d ago on Sep 29, 2026· 44m 22s· 2 players
Game mode
Random Map
Map size
Tiny (2 player)
Population
200
Speed
Normal
Resources
Standard
Victory
Conquest
Starting age
Dark Age
Ending age
Imperial Age
RankedLock teamsTeams togetherTeam positionsShared explorationLock speedFull tech treeHidden civsTurbo modeCheats
Victory
Defeat
🇦🇷 Huns · Argentina
1090
+17
🇦🇷 Lithuanians · Argentina
1111
-17
pompoko
6:14 Loom
8:59 Feudal Age
9:54 Double-Bit Axe
12:58 Horse Collar
18:26 Town Watch
18:44 Gold Mining
21:17 Castle Age
21:21 Bloodlines
21:03 Fletching
22:22 Bodkin Arrow
23:26 Husbandry
25:47 Bow Saw
29:53 Padded Archer Armor
30:00 Scale Barding Armor
30:06 Forging
30:46 Thumb Ring
34:19 Ballistics
37:27 Imperial Age
36:57 Leather Archer Armor
37:04 Chain Barding Armor
37:20 Iron Casting
37:36 Wheelbarrow
38:50 Parthian Tactics
39:07 Heavy Cavalry Archer
41:24 Chemistry
40:45 Bracer
41:25 Cavalier
profe de geografia
5:17 Loom
10:08 Feudal Age
23:46 Castle Age
21:42 Double-Bit Axe
21:49 Gold Mining
21:51 Horse Collar
22:48 Wheelbarrow
22:58 Bloodlines
25:27 Husbandry
28:32 Bow Saw
29:24 Hand Cart
32:12 Scale Barding Armor
32:17 Forging
33:43 Town Watch
34:29 Heavy Plow
35:26 Chain Barding Armor
37:32 Stone Mining
40:41 Imperial Age
38:15 Murder Holes
38:33 Masonry
39:20 Fletching
40:05 Iron Casting
39:16 Pikeman
40:14 Scale Mail Armor
42:30 Conscription
42:55 Plate Barding Armor
42:38 Chain Mail Armor
41:46 Cavalier
43:54 Chemistry
43:53 Stone Shaft Mining
Connection lost

Rejoining the realm…

Still unreachable

The connection could not be restored.

Session expired

The server has moved on; the page needs a fresh start.